 Dungeon Crawl Stone Soup version 0.21.1-1-g345015fe64 (webtiles) character file.

3832 Gargoyl the Covered (level 9, 0/74 HPs)
             Began as a Centaur Abyssal Knight on Mar 12, 2018.
             Was a Believer of Lugonu.
             Killed from afar by an electric eel (9 damage)
             ... with a bolt of electricity
             ... on level 8 of the Dungeon.
             The game lasted 00:16:06 (10077 turns).

Gargoyl the Covered (Centaur Abyssal Knight)       Turns: 10077, Time: 00:16:06

Health: 0/74       AC: 18    Str: 19    XL:     9   Next: 98%
Magic:  6/14       EV:  5    Int: 11    God:    Lugonu [**....]
Gold:   148        SH:  0    Dex: 11    Spells: 8/8 levels left

rFire    + . .     SeeInvis +   a - +2 hand axe
rCold    . . .     Gourm    .   (no shield)
rNeg     . . .     Faith    .   A - +0 plate armour {MR+}
rPois    .         Spirit   .   d - +1 helmet
rElec    .         Reflect  .   q - +0 cloak
rCorr    .         Harm     .   e - +2 pair of gloves
MR       +....                  (no barding)
Stlth    ..........             (no amulet)
HPRegen  0.22/turn              h - ring of protection from fire
MPRegen  0.14/turn              G - ring "Qiesch" {Str+3 SInv}

@: very quick
A: large, hooves 3, deformed body, speed 2, tough skin 3
a: Depart the Abyss, Bend Space, Renounce Religion


You were on level 8 of the Dungeon.
You worshipped Lugonu.
Lugonu was pleased with you.
You were hungry.

You visited 1 branch of the dungeon, and saw 8 of its levels.
You visited the Abyss 1 time.

You collected 551 gold pieces.
You spent 403 gold pieces at shops.

Inventory:

Hand Weapons
 a - a +2 hand axe (weapon)
Missiles
 C - 8 tomahawks (quivered)
Armour
 d - a +1 helmet (worn)
 e - a +2 pair of gloves (worn)
 q - a +0 cloak (worn)
 A - a +0 plate armour of magic resistance (worn)
Jewellery
 h - a ring of protection from fire (left hand)
 G - the ring "Qiesch" (right hand) {Str+3 SInv}
   (You bought it in a shop on level 7 of the Dungeon)

   [ring of strength]

   It affects your strength (+3).
   It lets you see invisible.
Wands
 i - a wand of flame (23)
 y - a wand of polymorph (6)
 E - a wand of paralysis (13)
 I - a wand of random effects (22)
Scrolls
 f - 3 scrolls of blinking
 l - 4 scrolls of magic mapping
 r - a scroll of identify
 s - 3 scrolls of remove curse
 v - 2 scrolls of fog
 F - a scroll of teleportation
 H - a scroll of enchant weapon
Potions
 b - a potion of magic {unknown}
 g - 2 potions of flight
 j - 3 potions of invisibility
 k - 3 potions of agility
 n - a potion of curing
 o - 2 potions of brilliance
 p - a potion of heal wounds {unknown}
 t - a potion of resistance {unknown}
 u - a potion of haste {unknown}
 w - a potion of might {unknown}
 x - a potion of mutation {unknown}
 z - a potion of ambrosia {unknown}
 D - a potion of cancellation {unknown}
Books
 m - a book of Cantrips

   Spells                             Type                      Level
   a - Confusing Touch                Hexes                        1
   b - Animate Skeleton               Necromancy                   1
   c - Summon Small Mammal            Summoning                    1
   d - Apportation                    Translocation                1
Comestibles
 c - 11 rations
 B - 8 chunks of flesh


   Skills:
 + Level 5.1 Fighting
 + Level 6.7 Axes
 + Level 0.2 Throwing
 * Level 7.3 Armour
 + Level 2.4 Dodging
 * Level 6.8 Invocations
 + Level 1.4 Evocations


You had 8 spell levels left.
You didn't know any spells.

Dungeon Overview and Level Annotations

Branches:
Dungeon (8/15)             Temple (0/1) D:7            Lair (0/6) D:8

Altars:
Ashenzari
Elyvilon
Hepliaklqana
Nemelex Xobeh
Qazlal
Sif Muna
Yredelemnul
The Shining One

Shops:
D:6 }   D:7 ==(

Annotations:
Abyss:1 Joseph


Innate Abilities, Weirdness & Mutations

You have hooves in place of feet.
Armour fits poorly on your strangely shaped body.
You cover ground very quickly.
You have extremely tough skin. (AC +3)


Message History

You are feeling hungry.
The wolf splashes around in the water.
The electric eel shoots out a bolt of lightning at you!
The bolt of electricity hits you!
* * * LOW HITPOINT WARNING * * *
The wolf splashes around in the water.
Press: ? - help, Shift-Dir - straight line, f - electric eel
Aim: an electric eel (water, chance to defeat MR: 89%)
The electric eel is devoured by a tear in reality.
Lugonu claims a new guest.
You feel quite a bit more hungry.
You can no longer banish your foes.
The wolf bites you but does no damage.
The wolf splashes around in the water.
The wolf bites you but does no damage.
The electric eel shoots out a bolt of lightning at you!
The bolt of electricity hits you!
* * * LOW HITPOINT WARNING * * *
The electric eel shoots out a bolt of lightning at you!
The bolt of electricity hits you!
You die...

..#..#....'...#....≈≈≈≈≈≈§≈≈
.##..##...#..##....≈≈≈≈.≈≈≈≈
.##..##.#######...≈≈;§≈≈....
.........# #....≈≈≈≈..>..
..<......# #...≈≈.≈≈≈...≈
.##############.....≈≈≈..≈..
.##....>##..#÷....h≈≈≈≈≈≈.≈≈
........#....#....h.≈≈≈≈≈≈≈≈
........#....#..@...≈/.≈≈≈≈≈
.##...####.###+...≈.≈..≈.≈..
.##'######.# #..............
...........#.....#.......)..
...........#...............
###......^.#.....+....#...
#...##..>##+#########..
#...##'### .....#...


You could see a wolf, a hound and an electric eel.

Vanquished Creatures
  Pikel (D:5)
  The ghost of Gargoyl the Skirmisher, a novice CeAK of Lugonu (D:4)
  Sigmund (D:6)
  2 orc warriors (D:6)
  3 phantoms
  An ice beast (D:6)
  4 ogres
  A wolf (D:8)
  3 centaurs
  A crocodile (D:8)
  2 bullfrogs (D:6)
  A scorpion (D:3)
  2 howler monkeys
  A bullfrog zombie (D:6)
  8 hounds
  A quasit (D:6)
  An orc priest (D:6)
  A centaur skeleton (D:5)
  6 orc wizards
  2 iguanas (D:6)
  Ijyb (D:2)
  3 worker ants
  8 adders
  A shadow imp (D:6)
  An adder skeleton (D:5)
  5 worms
  2 dart slugs (D:1)
  4 leopard geckos
  23 orcs
  A ball python (D:3)
  6 giant cockroaches
  11 goblins (D:2)
  11 hobgoblins
  2 jackals (D:1)
  2 quokkas
  A ball python skeleton (D:4)
  5 bats
  5 frilled lizards
  7 kobolds
  A quokka skeleton (D:6)
  3 rats
146 creatures vanquished.

Vanquished Creatures (others)
  The ghost of deszczowiec the Sneak, a novice GnWn (D:7)
  A hornet (D:8)
  4 slaves (D:6)
  2 electric eels (D:8)
  A centaur skeleton (D:6)
  8 goblins (D:6)
17 creatures vanquished.

Grand Total: 163 creatures vanquished

Notes
Turn   | Place    | Note
-------+----------+-------------------------------------------
     0 | Abyss:1  | Gargoyl the Centaur Abyssal Knight began the quest for the Orb.
     0 | Abyss:1  | Reached XP level 1. HP: 19/19 MP: 2/2
     0 | Abyss:1  | Found a corrupted altar of Lugonu.
    43 | Abyss:1  | Noticed an ice beast
    52 | D:1      | Escaped the Abyss
   159 | D:1      | Reached * piety under Lugonu
   635 | D:1      | Reached XP level 2. HP: 12/26 MP: 3/3
  1590 | D:2      | Reached XP level 3. HP: 31/31 MP: 4/4
  1817 | D:2      | Reached skill level 2 in Armour
  1820 | D:2      | Noticed Ijyb
  1857 | D:2      | Killed Ijyb
  1857 | D:2      | Reached skill level 1 in Dodging
  1857 | D:2      | Reached XP level 4. HP: 37/38 MP: 5/5
  2072 | D:2      | Reached ** piety under Lugonu
  3263 | D:3      | Reached XP level 5. HP: 14/46 MP: 6/6
  3961 | D:3      | Found a deep blue altar of Sif Muna.
  4016 | D:4      | Noticed an ogre
  4047 | D:3      | Killed an ogre
  4100 | D:4      | Noticed a phantom
  4101 | D:4      | Noticed an ogre
  4113 | D:3      | Reached XP level 6. HP: 38/52 MP: 6/8
  4115 | D:3      | Reached skill level 3 in Armour
  4472 | D:4      | Noticed Gargoyl's ghost (novice CeAK)
  4531 | D:4      | Killed Gargoyl's ghost
  4531 | D:4      | Reached skill level 4 in Armour
  4531 | D:4      | Reached XP level 7. HP: 50/59 MP: 9/9
  4804 | D:4      | Reached *** piety under Lugonu
  4804 | D:4      | Reached skill level 1 in Evocations
  4804 | D:4      | Reached XP level 8. HP: 59/66 MP: 11/11
  5016 | D:5      | Entered Level 5 of the Dungeon
  5363 | D:5      | Reached skill level 5 in Armour
  5446 | D:5      | Found a basalt altar of Yredelemnul.
  5450 | D:5      | Found a stormy altar of Qazlal.
  5587 | D:5      | Found a sparkling altar of Nemelex Xobeh.
  5641 | D:6      | Noticed Pikel
  5651 | D:6      | Reached skill level 5 in Axes
  5671 | D:5      | Killed Pikel
  5671 | D:5      | Reached skill level 5 in Invocations
  5929 | D:6      | Found Qocrazu's Gadget Boutique.
  5951 | D:6      | Reached XP level 9. HP: 65/72 MP: 12/12
  6018 | D:6      | Reached skill level 6 in Armour
  6171 | D:6      | Found a hazy altar of Hepliaklqana.
  6583 | D:6      | Noticed Sigmund
  6589 | D:6      | Killed Sigmund
  7296 | D:6      | You fall through a shaft for 2 floors!
  7350 | D:7      | Found a white marble altar of Elyvilon.
  7375 | D:7      | Noticed deszczowiec's ghost (novice GnWn)
  7404 | D:7      | Banished deszczowiec's ghost
  7871 | D:6      | Reached skill level 7 in Armour
  8089 | D:7      | Found a shattered altar of Ashenzari.
  8148 | D:7      | Found Yzaplolli's Jewellery Boutique.
  8156 | D:7      | Bought the ring "Qiesch" {Str+3 SInv} for 403 gold pieces
  8181 | D:7      | Found a staircase to the Ecumenical Temple.
  8199 | D:7      | Noticed Joseph
  8231 | D:7      | Found Onoi's Antique Weapon Emporium.
  8692 | D:7      | Banished Joseph
  8692 | D:7      | Reached skill level 5 in Fighting
  8932 | D:7      | Found a glowing golden altar of the Shining One.
  9032 | D:7      | Found Acsaareu's Jewellery Boutique.
  9498 | D:8      | Paralysed by a hornet for 2 turns
 10067 | D:8      | Found a staircase to the Lair.
 10077 | D:8      | Killed from afar by an electric eel

Skill      XL: |  1  2  3  4  5  6  7  8  9 |
---------------+----------------------------+-----
Axes           | 2 3 4 5 6 |  6.7
Armour         | 2 4 5 7 |  7.3
Dodging        | 1 2 |  2.4
Invocations    | 3 4 5 6 |  6.8
Fighting       | 4 5 |  5.1
Evocations     | 1 |  1.4
Throwing       | |  0.2

Action                   |  1- 3 |  4- 6 |  7- 9 || total
-------------------------+-------+-------+-------++-------
Melee: Hand axe          |   102 |   164 |   414 ||   680
       Kick              |    16 |    29 |    95 ||   140
Throw: Tomahawk          |       |       |     4 ||     4
Invok: Depart the Abyss  |     1 |       |       ||     1
       Bend Space        |       |     2 |       ||     2
       Banish            |       |       |    10 ||    10
Evoke: Wand              |       |    11 |    10 ||    21
  Use: Scroll            |     3 |     7 |     6 ||    16
       Potion            |       |       |     2 ||     2
 Stab: Paralysed         |       |       |     7 ||     7
  Eat: Chunk             |     2 |     7 |    15 ||    24
       Ration            |       |       |     1 ||     1
Armor: Leather armour    |    57 |     3 |       ||    60
       Ring mail         |       |    59 |       ||    59
       Chain mail        |       |    63 |   223 ||   286
       Plate armour      |       |       |   144 ||   144
Dodge: Dodged            |    46 |    69 |   110 ||   225
